 Dungeon Crawl Stone Soup version 0.31-a0-177-g4aa6249778 (webtiles) character file.

Game seed: 7940455931595597490

186 Hajna the Covered (level 5, -1/47 HPs)
             Began as a Minotaur Fighter on June 19, 2023.
             Slain by Menkaure (3 damage)
             ... on level 4 of the Dungeon.
             The game lasted 00:05:16 (1812 turns).

Hajna the Covered (Minotaur Fighter)                Turns: 1812, Time: 00:05:16

Health: -1/47      AC:  7    Str: 22    XL:     5   Next: 38%
Magic:  4/4        EV:  9    Int:  5    God:
Gold:   211        SH:  5    Dex: 10    Spells: 3/4 levels left

rFire   . . .        a - +0 trident
rCold   . . .        c - +1 buckler
rNeg    . . .        b - +0 scale mail
rPois   +            (helmet restricted)
rElec   .            (no cloak)
rCorr   .            (no gloves)
SInv    .            (no boots)
Will    .....        (no amulet) Stlth
                     (no ring)
HPRegen 0.27/turn    (no ring)
MPRegen 0.09/turn

%: no passive effects
@: no status effects
A: horns 2, retaliatory headbutt, hooves 1, deterioration 1, poison resistance
a: no special abilities


You were on level 4 of the Dungeon.
You visited 1 branch of the dungeon, and saw 4 of its levels.

You collected 211 gold pieces.

Inventory:

Hand Weapons
 a - a +0 trident (weapon)
Missiles
 i - 4 boomerangs
 j - 5 poisoned darts
Armour
 b - a +0 scale mail (worn)
 c - a +1 buckler (worn)
Scrolls
 e - a scroll of teleportation {unknown}
 g - a scroll of identify
 l - a scroll of noise {unknown}
 m - a scroll of blinking {unknown}
Potions
 d - a potion of might
 f - a potion of invisibility {unknown}
 h - a potion of mutation
 k - a potion of brilliance


   Skills:
 + Level 4.7 Fighting
 + Level 4.3 Polearms
 + Level 5.0 Armour
 + Level 0.4 Dodging
 + Level 0.1 Stealth
 + Level 4.3 Shields


You had 3 spell levels left.
You knew the following spells:

 Your Spells              Type           Power      Damage    Failure   Level
a - Necrotise             Necr           0%         1d4       85%         1

Your spell library contained the following spells:

 Spells                   Type           Power      Damage    Failure   Level
 Vampiric Draining        Necr           0%         2d6       99%         3
 Vhi's Electric Charge    Tloc/Air       0%         N/A       99%         3
 Agony                    Necr           0%         N/A       100%        5
 Arcjolt                  Conj/Air       0%         1d10      100%        5
 Maxwell's Capacitive Co  Air            0%         ∞         100%        8


Dungeon Overview and Level Annotations

Branches:
Dungeon (4/15)
 Temple: D:4-7

Altars:

Shops:
D:1 *

Annotations:
D:4 Menkaure


Innate Abilities, Weirdness & Mutations

You have a pair of horns on your head.
You reflexively headbutt those who attack you in melee.
You have large cloven feet.
Your body sometimes deteriorates upon taking damage.
Your system is resistant to poisons. (rPois)


Message History

Where to? (Enter - D:3 @ (x,y), ? - help)
There is a stone staircase leading down here.
You climb downwards.
There is a stone staircase leading up here.
A quokka comes into view.
Found 4 stones.
You completely miss the quokka. You headbutt the quokka.
The quokka is almost dead.
The quokka bites you.
You closely miss the quokka.
The quokka is almost dead.
The quokka closely misses you. You furiously retaliate!
You headbutt the quokka!
You kill the quokka!
No target in view!
No target in view!
No target in view!
HP restored.
Menkaure, Prince of Dust comes into view.
Menkaure shouts!
A sleepcap comes into view.
You hit Menkaure.
Menkaure is moderately damaged.
Menkaure mumbles some strange words.
Menkaure seems to speed up.
You hit Menkaure. Your headbutt misses Menkaure.
Menkaure is moderately damaged.
Menkaure hits you!!
You barely miss Menkaure. Your headbutt misses Menkaure.
Menkaure is moderately damaged.
Menkaure calls on the powers of darkness!
Your body is wracked with pain!
* * * LOW HITPOINT WARNING * * *
Menkaure hits you!
* * * LOW HITPOINT WARNING * * *
It was a potion of mutation.
You feel extremely strange.
You feel resistant to poisons.
You feel yourself wasting away.
Your feet thicken and deform.
Menkaure hits you.
You die...

#.# #.# #.# #.#
#.# ####.####
#...Mf..# ##.##
#.##@## #
#.....###.#...#.#
#..<....#...##.
#####.#........
#.##.##.##.. #.#
.# .# # #.# .# #
#.( .. ### ..


You could see a sleepcap and Menkaure (fast).

Vanquished Creatures
  Natasha (twice) (D:3)
  3 gnolls (D:3)
  5 adders
  4 worms
  2 dart slugs
  An orc (D:3)
  5 bats
  3 endoplasms
  5 giant cockroaches
  2 hobgoblins (D:1)
  A kobold (D:3)
  3 quokkas
  4 ball pythons
  A frilled lizard (D:1)
  4 goblins
  6 rats
51 creatures vanquished.

Notes
Turn   | Place    | Note
-------+----------+-------------------------------------------
     0 | D:1      | Hajna the Minotaur Fighter began the quest for the Orb.
     0 | D:1      | Reached XP level 1. HP: 19/19 MP: 0/0
    81 | D:1      | Found Alestros's Assorted Antiques.
    86 | D:1      | Reached XP level 2. HP: 27/27 MP: 1/1
   119 | D:1      | Reached skill level 4 in Armour
   416 | D:2      | Reached XP level 3. HP: 33/33 MP: 2/2
   426 | D:2      | Learned a level 1 spell: Necrotise
  1025 | D:3      | Reached XP level 4. HP: 41/41 MP: 3/3
  1192 | D:3      | Noticed Natasha
  1198 | D:3      | Killed Natasha
  1231 | D:3      | Noticed Natasha
  1244 | D:3      | Killed Natasha
  1247 | D:3      | Reached XP level 5. HP: 11/47 MP: 4/4
  1618 | D:3      | Identified the +3 short sword of Xomutear {freeze, rCorr}
  1662 | D:3      | Reached skill level 5 in Armour
  1805 | D:4      | Noticed Menkaure
  1811 | D:4      | HP: 2/47 [Menkaure (12)]
  1812 | D:4      | Gained mutation: Your system is resistant to poisons.
                  | (rPois) [potion of mutation]
  1812 | D:4      | Gained mutation: Your body sometimes deteriorates upon
                  | taking damage. [potion of mutation]
  1812 | D:4      | Gained mutation: You have large cloven feet. [potion of
                  | mutation]
  1812 | D:4      | Slain by Menkaure

Illustrated notes

Levels and vault maps discovered:
D:1:      reono_arrival_forest_river, layout_basic, serial_shops, shop
D:2:      layout_rooms
D:3:      cheibrodos_old_hovel, layout_rooms, minmay_box_of_dots, uniq_natasha
D:4:      wander_river, layout_loops_corners, vehumet_altar_wand_db,
          nicolae_letterblocks [nicolae_letter_subblock,
          nicolae_letter_subblock, nicolae_letter_subblock,
          nicolae_letter_subblock, nicolae_letter_subblock,
          nicolae_letter_subblock, nicolae_letter_subblock,
          nicolae_letter_subblock, nicolae_letter_subblock,
          nicolae_letter_subblock, nicolae_letter_subblock,
          nicolae_letter_subblock, nicolae_letter_subblock,
          nicolae_letter_subblock, nicolae_letter_subblock,
          nicolae_letter_subblock, nicolae_letter_subblock,
          nicolae_letter_subblock, nicolae_letter_subblock,
          nicolae_letter_subblock, nicolae_letter_subblock,
          nicolae_letter_subblock, nicolae_letter_subblock,
          nicolae_letter_subblock, nicolae_letter_subblock], uniq_pikel,
          uniq_edmund, uniq_menkaure

Skill      XL: |  1  2  3  4  5 |
---------------+----------------+-----
Armour         | 4 5 |  5.0
Shields        | 4 |  4.3
Fighting       | 4 |  4.7
Polearms       | 3 4 |  4.3
Dodging        | |  0.4
Stealth        | |  0.1

Action                     |  1- 3 |  4- 6 || total
---------------------------+-------+-------++-------
  Melee: Trident           |    75 |    67 ||   142
         Headbutt          |     5 |     9 ||    14
    Use: Scroll            |       |     4 ||     4
         Potion            |       |     1 ||     1
 Armour: Scale mail        |    20 |    28 ||    48
  Dodge: Dodged            |    26 |    24 ||    50
  Block: Buckler           |    10 |     6 ||    16

Table legend: (Time is in decaauts)
 A = Elapsed time spent in this place.
 B = Non-inter-level travel time spent in this place.
 C = Inter-level travel time spent in this place.
 D = Time resting spent in this place.
 E = Time spent auto-exploring this place.
 F = Levels seen in this place.
 G = Mean time per level.
                   A        B        C        D        E       F      G
               +--------+--------+--------+--------+--------+-----+--------+
         Total |   1840 |   1704 |    136 |      0 |   1369 |   4 |  460.0 |
       Dungeon |   1840 |   1704 |    136 |      0 |   1369 |   4 |  460.0 |
               +--------+--------+--------+--------+--------+-----+--------+

Top non-repeatable levels by time:
     D:3: 826 daAuts
     D:2: 586 daAuts
     D:1: 410 daAuts
     D:4: 16 daAuts
